 Dungeon Crawl Stone Soup version 0.30-a0-122-g2a1322497e (webtiles) character file.

Game seed: 14476188882484452965

135252 ragingrage the Impaler (level 16, -6/104 HPs)
             Began as a Demonspawn Fighter on Sept 15, 2022.
             Was a Priest of Fedhas.
             Collided with a stone wall (16 damage)
             ... caused by a wretched star
             ... on level 3 of the Abyss on Sept 16, 2022.
             The game lasted 00:27:30 (26742 turns).

ragingrage the Impaler (Demonspawn Fighter)        Turns: 26742, Time: 00:27:31

Health: -6/104     AC: 19    Str: 28      XL:     16   Next: 64%
Magic:  13/23      EV: 13    Int: 14      God:    Fedhas [***...]
Gold:   738        SH: 11    Dex: 13 (14) Spells: 15/15 levels left

rFire   . . .      SeeInvis .    O - +3 trident (chaos)
rCold   . . .      Faith    .    c - +0 buckler
rNeg    . . .      Spirit   .    R - +1 ring mail {rPois}
rPois   +          Reflect  +    L - +0 helmet {Int+3}
rElec   .          Harm     .    (no cloak)
rCorr   .          Rampage  .    Q - +1 pair of gloves {Stlth+}
Will    +....                    j - +2 pair of boots
Stlth   ++........               M - amulet of reflection
HPRegen 0.27/turn                n - +6 ring of strength
MPRegen 0.18/turn                N - +4 ring of protection

@: no status effects
A: demonic guardian 1, ignite blood 3, sturdy frame 3, weakness stinger 1,
[deterioration 2], [frail 2], [screaming 2]
a: Renounce Religion, Wall of Briars, Grow Ballistomycete


You were on level 3 of the Abyss.
You worshipped Fedhas.
Fedhas was most pleased with you.
You visited 3 branches of the dungeon, and saw 19 of its levels.
You visited the Abyss 1 time.
You also visited: Ice Cave.

You collected 1302 gold pieces.
You spent 564 gold pieces at shops.

Inventory:

Hand Weapons
 F - a +1 glaive
 O - a +3 trident of chaos (weapon)
Missiles
 s - 39 poisoned darts (quivered)
 A - 17 boomerangs
Armour
 c - a +0 buckler (worn)
 j - a +2 pair of boots (worn)
 I - a +0 chain mail of fire resistance
 L - a +0 helmet of intelligence (worn)
 Q - a +1 pair of gloves of stealth (worn)
 R - a +1 ring mail of poison resistance (worn)
Jewellery
 k - a ring of protection from fire
 l - the ring "Maemad" {rF+ Str+2 Int+2 Dex-4}
   (You found it on level 10 of the Dungeon)

   [ring of protection from fire]

   Str:       It affects your strength (+2).
   Int:       It affects your intelligence (+2).
   Dex:       It affects your dexterity (-4).
   rF:        It protects you from fire.
 m - a ring of poison resistance
 n - a +6 ring of strength (left hand)
 p - a ring of willpower
 M - an amulet of reflection (around neck)
 N - a +4 ring of protection (right hand)
 T - a ring of resist corrosion
Wands
 u - a wand of mindburst (3)
 E - a wand of quicksilver (14)
 W - a wand of digging (11)
Scrolls
 b - 3 scrolls of amnesia
 f - 3 scrolls of teleportation
 g - 3 scrolls of noise
 h - 3 scrolls of enchant armour
 r - 4 scrolls of identify
 y - 2 scrolls of fear
 z - 2 scrolls of fog
 B - 2 scrolls of blinking
 H - 2 scrolls of summoning
 S - 3 scrolls of vulnerability
 U - 2 scrolls of acquirement {unknown}
 V - a scroll of enchant weapon
Potions
 a - a potion of resistance {unknown}
 d - 3 potions of might
 e - 5 potions of brilliance
 i - 12 potions of curing
 o - 7 potions of degeneration
 q - 3 potions of ambrosia
 t - a potion of attraction {unknown}
 v - 3 potions of heal wounds
 w - 6 potions of mutation
 C - 2 potions of magic
 D - 5 potions of lignification
 G - 2 potions of haste {unknown}
 J - a potion of berserk rage {unknown}
 K - 4 potions of flight


   Skills:
 * Level 13.2 Fighting
 - Level 16.9 Polearms
 + Level 8.8 Armour
 - Level 5.0 Dodging
 - Level 8.0 Shields
 + Level 9.5 Invocations
 - Level 5.0 Evocations


You had 15 spell levels left.
You didn't know any spells.
Your spell library contained the following spells:

 Spells                   Type           Power      Damage    Failure   Level
 Freeze                   Ice            0%         1d3       34%         1
 Sting                    Tmut/Pois      0%         1d3       34%         1
 Blink                    Tloc           0%         N/A       47%         2
 Ensorcelled Hibernation  Hex/Ice        0%         N/A       47%         2
 Passwall                 Tmut/Erth      0%         N/A       47%         2
 Poisonous Vapours        Pois/Air       0%         N/A       47%         2
 Frozen Ramparts          Ice            0%         1d1       71%         3
 Summon Guardian Golem    Hex/Summ       0%         N/A       71%         3
 Swiftness                Air            0%         N/A       71%         3
 Hailstorm                Conj/Ice       0%         3d3       98%         4
 Leda's Liquefaction      Hex/Erth       0%         N/A       98%         4
 Manifold Assault         Tloc           0%         N/A       98%         4
 Olgreb's Toxic Radiance  Pois           0%         N/A       98%         4
 Fireball                 Conj/Fire      0%         3d3       100%        5
 Iskenderun's Battlesphe  Conj           0%         2d6       100%        5
 Lee's Rapid Deconstruct  Erth           0%         3d5*      100%        5
 Conjure Ball Lightning   Conj/Air       0%         3x3d6     100%        6
 Statue Form              Tmut/Erth      0%         N/A       100%        6
 Orb of Destruction       Conj           0%         9d5       100%        7
 Spellforged Servitor     Conj/Summ      0%         N/A       100%        7
 Storm Form               Tmut/Air       0%         N/A       100%        7


Dungeon Overview and Level Annotations

Branches:
Dungeon (13/15)            Temple (1/1) D:5            Lair (5/5) D:10
  Swamp (0/4) Lair:3       Spider (0/4) Lair:3        Slime (0/5) Lair:5
    Orc (0/2) D:11         Vaults (0/5) D:13          IceCv (visited)

Altars:
Ashenzari
Cheibriados
Dithmenos
Fedhas
Gozag
Hepliaklqana
Kikubaaqudgha
Makhleb
Nemelex Xobeh
Okawaru
Qazlal
Ru
Sif Muna
Trog
Uskayaw
Vehumet
Wu Jian
Xom
Yredelemnul
Jiyva
Lugonu

Shops:
D:1 [(!(   D:5 !   D:13 (

Annotations:
D:2 exclusion: downstairs
D:8 2 transporters, timneilson's ghost, novice GrFi
Lair:4 2 transporters
Lair:5 Rupert


Innate Abilities, Weirdness & Mutations

A weak demonic guardian rushes to your aid.
Your demonic aura causes all spilled blood to erupt in flames.
Your movements are significantly less encumbered by armour. (ER -6)
You have a small tail.
[Your body often deteriorates upon taking damage.]
[You are very frail. (-20% HP)]
[You frequently scream uncontrollably at your foes.]


Message History

Your experience leads to an increase in your attributes!
Your base attributes are Str 20, Int 11, Dex 13.
Increase (S)trength, (I)ntelligence, or (D)exterity?
You feel stronger. x2; Your demonic ancestry asserts itself...
You feel less encumbered by your armour.
The wretched star glows turbulently.
The lance of force hits you.
* * * LOW HITPOINT WARNING * * *
You are knocked back by the lance of force.
You collide with your burning bush!
Your burning bush is moderately damaged.
* * * LOW HITPOINT WARNING * * *
A demonic guardian appears!
Your shadow imp closely misses the wretched star.
Unknown command.
You feel more experienced!
Your Fighting skill increases to level 13!
Your Invocations skill increases to level 9!
You have reached level 16!
You feel agile.
Your demonic ancestry asserts itself...
Your blood burns even hotter!
Your burning bush throws fire at the wretched star.
The puff of flame hits the wretched star.
The wretched star resists.
Reach: O) +3 trident (chaos)
Press: ? - help, Dir - move target, f/p - wretched star
Aim: a wretched star (heavily damaged, not watching you, ally target, about 27% to evade your +3 trident of chaos)
You strike the helpless wretched star from behind!
You impale the wretched star!!
Your tail-slap misses the wretched star.
The wretched star is severely damaged.
You swap places.
Your shadow imp barely misses the wretched star.
The wretched star glows turbulently.
The lance of force hits you!
* * * LOW HITPOINT WARNING * * *
You are knocked back by the lance of force.
You slam into the stone wall!
You die...
Fedhas appreciates your contribution to the ecosystem.

. V .. .. ...
.. #.. ..
..##.# #..#.#
###.#..#
#.#.#.# #.#.@#
.. #PPĀ§##..#
#.4P..#
##*###...#
#5.# #.#
#..........#
............
#..#..#......#
#.# #.#
#..###.


You could see a wretched star (ally target), 2 friendly burning bushes, a
friendly rust devil (summoned), a friendly oklob sapling (summoned, misshapen)
and a friendly shadow imp (summoned, misshapen).

Vanquished Creatures
  Josephine (Lair:5)
  7 vault guards (D:13)
  5 hydras
  7 two-headed ogres
  A boulder beetle (D:11)
  A death yak (Lair:4)
  A tengu warrior (D:13)
  A bog body (Lair:3)
  A sea snake (Lair:5)
  4 deep elf pyromancers
  A harpy (Lair:5)
  A large abomination (Abyss:2)
  A cyclops (D:13)
  A manticore (Lair:5)
  A torpor snail (Lair:4)
  4 centaur zombies (D:12)
  4 black mambas
  8 cane toads
  10 elephants
  A gargoyle (D:11)
  9 komodo dragons
  7 rime drakes
  2 unseen horrors
  2 kobold demonologists
  A hellwing (Abyss:2)
  A tengu conjurer (D:13)
  5 trolls
  6 polar bears
  An ice devil (IceCv)
  4 blink frogs
  A polar bear (shapeshifter) (D:13)
  3 hornets
  A wind drake (Lair:5)
  8 slime creatures
  2 snapping turtles (Lair:5)
  A culicivora (Lair:3)
  2 jumping spiders
  6 shadows (D:12)
  A vampire (D:12)
  8 wraiths
  55 yaks
  12 humans
  6 basilisks
  A steam dragon (Lair:5)
  Grum (Lair:1)
  10 wyverns
  An acid dragon (D:10)
  12 water moccasins
  2 ice beasts
  A sky beast (D:5)
  A black bear (Lair:1)
  7 orc warriors
  3 ogres
  9 wolves
  5 centaurs
  A kobold brigand (D:9)
  3 phantoms (D:6)
  A small abomination (Abyss:2)
  A necrophage (D:5)
  12 bullfrogs
  3 scorpions
  A cane toad simulacrum (IceCv)
  8 wights (D:9)
  5 killer bees (D:10)
  An elephant simulacrum (IceCv)
  2 electric eels (Lair:3)
  A howler monkey (D:8)
  5 hounds
  A jelly (D:6)
  9 orc priests
  An iguana (D:5)
  9 orc wizards
  A wolf simulacrum (IceCv)
  14 gnolls
  8 adders
  2 naga simulacra (IceCv)
  A shadow imp (D:6)
  2 white imps
  2 ufetubi
  2 worms
  5 dart slugs
  52 orcs
  7 endoplasms
  4 giant cockroaches
  14 goblins
  18 hobgoblins
  10 jackals
  10 quokkas
  9 ball pythons
  5 bats
  6 frilled lizards
  17 kobolds
  4 rats (D:1)
  A butterfly (Lair:3)
516 creatures vanquished.

Vanquished Creatures (collateral kills)
  A skeletal warrior (D:12)
  A gargoyle (D:12)
  A torpor snail (Lair:1)
  4 yaks
  A vampire mosquito (D:12)
  A centaur (D:12)
  A wolf (Lair:1)
  A gnoll sergeant (D:12)
  An orc wizard (D:12)
  2 gnolls
  An orc (D:7)
  9 ballistomycete spores
24 creatures vanquished.

Vanquished Creatures (others)
  A yak (D:10)
  An orc (D:12)
  A ballistomycete spore (D:12)
  32 fungi
  78 plants
  2 withered plants (D:12)
115 creatures vanquished.

Grand Total: 655 creatures vanquished

Notes
Turn   | Place    | Note
-------+----------+-------------------------------------------
     0 | D:1      | ragingrage the Demonspawn Fighter began the quest for the
                  | Orb.
     0 | D:1      | Reached XP level 1. HP: 18/18 MP: 1/1
    50 | D:1      | Reached skill level 2 in Polearms
   162 | D:1      | Found Hep Diuf's Antique Weapon Emporium.
   166 | D:1      | Gained mutation: Your movements are slightly less
                  | encumbered by armour. (ER -2) [demonic ancestry]
   166 | D:1      | Reached XP level 2. HP: 24/24 MP: 2/2
   355 | D:1      | Found Vuopp's Distillery.
   383 | D:1      | Bought a potion of curing for 36 gold pieces
   403 | D:1      | Found Somohis's Antique Armour Shop.
   426 | D:1      | Reached skill level 3 in Polearms
   549 | D:1      | Gained mutation: Your demonic aura sometimes causes spilled
                  | blood to erupt in flames. [demonic ancestry]
   549 | D:1      | Reached XP level 3. HP: 29/29 MP: 3/3
   585 | D:1      | Found Zihisoah's Weapon Emporium.
  1063 | D:1      | Found a faded altar of an unknown god.
  2115 | D:3      | Noticed an ogre
  2266 | D:3      | Gained mutation: Your demonic aura often causes spilled
                  | blood to erupt in flames. [demonic ancestry]
  2266 | D:3      | Reached XP level 4. HP: 35/35 MP: 4/4
  2268 | D:3      | Reached skill level 4 in Polearms
  2528 | D:3      | HP: 1/35 [ogre/+0 giant spiked club (34)]
  2530 | D:3      | Killed an ogre
  2531 | D:3      | Reached skill level 5 in Polearms
  2531 | D:3      | Reached XP level 5. HP: 1/41 MP: 5/5
  3251 | D:3      | Noticed an ogre
  3260 | D:3      | Killed an ogre
  3261 | D:3      | Reached skill level 6 in Polearms
  3261 | D:3      | Reached XP level 6. HP: 36/47 MP: 6/6
  3798 | D:4      | Found a sparkling altar of Nemelex Xobeh.
  4328 | D:4      | Reached skill level 7 in Polearms
  4328 | D:4      | Reached XP level 7. HP: 36/52 MP: 7/7
  5044 | D:4      | Found a sacrificial altar of Ru.
  5130 | D:5      | Entered Level 5 of the Dungeon
  5376 | D:5      | Reached skill level 8 in Polearms
  5388 | D:5      | Found a shadowy altar of Dithmenos.
  5612 | D:5      | Found a snail-covered altar of Cheibriados.
  5713 | D:5      | Found Reudiar's Distillery.
  6019 | D:6      | Gained mutation: A weak demonic guardian rushes to your
                  | aid. [demonic ancestry]
  6019 | D:6      | Reached XP level 8. HP: 44/58 MP: 8/8
  6043 | D:6      | Reached skill level 9 in Polearms
  6337 | D:5      | Identified the +1 scale mail of Ennui {Fly Int+3 Dex-4}
  6380 | D:5      | Found a staircase to the Ecumenical Temple.
  6529 | Temple   | Entered the Ecumenical Temple
  7235 | D:6      | Reached skill level 10 in Polearms
  7723 | D:6      | Reached skill level 11 in Polearms
  7723 | D:6      | Gained mutation: You have a small tail. [demonic ancestry]
  7723 | D:6      | Reached XP level 9. HP: 57/63 MP: 9/9
  8314 | D:7      | Reached skill level 12 in Polearms
  8340 | D:7      | Reached skill level 13 in Polearms
  8344 | D:7      | Reached XP level 10. HP: 52/70 MP: 10/10
  9153 | D:7      | Found a broken altar of Ashenzari.
 10004 | D:10     | Entered Level 10 of the Dungeon
 10224 | D:10     | HP: 1/70 [yak (11)]
 10227 | D:10     | Reached skill level 14 in Polearms
 10779 | D:10     | Found a shimmering blue altar of Sif Muna.
 11795 | D:10     | Reached skill level 15 in Polearms
 12075 | D:9      | Reached XP level 11. HP: 69/75 MP: 11/11
 12892 | D:9      | Found an iron altar of Okawaru.
 12907 | D:9      | Reached skill level 16 in Polearms
 13297 | D:8      | Found a transporter.
 13430 | D:8      | Noticed timneilson's ghost (novice GrFi)
 13459 | D:8      | Found a transporter.
 13512 | D:8      | Found a blossoming altar of Fedhas.
 13513 | D:8      | Found an ancient bone altar of Kikubaaqudgha.
 13614 | D:8      | Became a worshipper of Fedhas Madash
 13714 | D:10     | Found a staircase to the Lair.
 13715 | D:10     | Noticed an oklob plant
 13745 | D:10     | Found an ornate altar of the Wu Jian Council.
 13840 | D:10     | Found a shimmering altar of Xom.
 13858 | D:10     | Identified the ring "Maemad" {rF+ Str+2 Int+2 Dex-4}
 14035 | D:10     | Found a stormy altar of Qazlal.
 14219 | D:11     | Noticed a two-headed ogre
 14234 | D:11     | Killed a two-headed ogre
 14260 | D:11     | Found a staircase to the Orcish Mines.
 14844 | D:11     | Noticed a two-headed ogre
 14866 | D:11     | Killed a two-headed ogre
 14979 | Lair:1   | Entered Level 1 of the Lair of Beasts
 15390 | D:11     | Noticed a two-headed ogre
 15390 | D:11     | Noticed a two-headed ogre
 15423 | D:10     | Killed a two-headed ogre
 15424 | D:10     | Reached skill level 1 in Dodging
 15467 | D:11     | Killed a two-headed ogre
 15531 | D:11     | Reached * piety under Fedhas
 15620 | D:11     | Noticed a boulder beetle
 15632 | D:11     | Killed a boulder beetle
 15686 | D:11     | Noticed a deep elf pyromancer
 15699 | D:11     | Killed a deep elf pyromancer
 15700 | D:11     | Gained mutation: Your movements are less encumbered by
                  | armour. (ER -4) [demonic ancestry]
 15700 | D:11     | Reached XP level 12. HP: 79/85 MP: 12/12
 15787 | D:11     | Found the +12 pair of quick blades "Gyre" and "Gimble"
                  | {protect}
 15869 | D:12     | Reached skill level 5 in Fighting
 16442 | Lair:1   | Reached ** piety under Fedhas
 16574 | Lair:1   | Noticed Grum
 16838 | Lair:2   | Reached skill level 5 in Armour
 16838 | Lair:2   | Reached skill level 5 in Shields
 16859 | Lair:2   | Noticed a four-headed hydra
 16878 | Lair:2   | Killed a four-headed hydra
 17352 | Lair:2   | Reached *** piety under Fedhas
 17529 | Lair:1   | Killed Grum
 17665 | Lair:1   | Found an opulent altar of Gozag.
 18371 | D:1      | Bought a glowing chain mail for 180 gold pieces
 18371 | D:1      | Bought a pair of embroidered gloves for 180 gold pieces
 18371 | D:1      | Bought a runed ring mail for 168 gold pieces
 18750 | Lair:3   | Reached XP level 13. HP: 99/99 MP: 13/13
 19060 | Lair:3   | Reached skill level 1 in Invocations
 19192 | Lair:3   | Reached skill level 5 in Dodging
 19249 | Lair:3   | Identified the +1 leather armour of the Shoals {rF+ Str+2
                  | Dex+2 Stlth-}
 19488 | Lair:3   | Found a staircase to the Swamp.
 19542 | Lair:3   | Found a hole to the Spider Nest.
 20221 | Lair:4   | Found a transporter.
 20222 | Lair:4   | Found a transporter.
 20239 | Lair:4   | Reached skill level 1 in Evocations
 20335 | Lair:4   | Found a basalt altar of Yredelemnul.
 20556 | Lair:4   | Reached **** piety under Fedhas
 21199 | Lair:5   | Entered Level 5 of the Lair of Beasts
 21236 | Lair:5   | Found a viscous altar of Jiyva.
 21237 | Lair:5   | Found a staircase to the Slime Pits.
 21355 | Lair:5   | Reached skill level 10 in Fighting
 21674 | Lair:5   | Reached skill level 5 in Invocations
 21886 | Lair:5   | Noticed Josephine
 22630 | Lair:5   | Identified the +2 robe of Amicloc {rN+ Slay+2}
 22902 | Lair:5   | Reached XP level 14. HP: 111/111 MP: 18/18
 23021 | Lair:5   | Noticed Rupert
 23059 | Lair:5   | Killed Josephine
 23578 | D:12     | Reached ***** piety under Fedhas
 24332 | D:12     | Identified the +3 leather armour "Ikhirch" {Fly SInv}
 24474 | D:13     | Found a frozen archway.
 24488 | IceCv    | Entered an ice cave
 25068 | D:13     | Found a gate to the Vaults.
 25585 | D:13     | Found Fazeps's Antique Weapon Boutique.
 25723 | D:13     | Reached skill level 5 in Evocations
 26109 | D:13     | Identified the +1 ring mail "Neass" {rF+ Dex+3 Slay-6}
 26529 | Abyss:2  | Cast into level 2 of the Abyss (a wizard)
 26536 | Abyss:2  | Found a viscous altar of Jiyva.
 26584 | Abyss:2  | Noticed a starcursed mass
 26673 | Abyss:2  | Noticed a starcursed mass
 26739 | Abyss:3  | Gained mutation: Your movements are significantly less
                  | encumbered by armour. (ER -6) [demonic ancestry]
 26739 | Abyss:3  | Reached XP level 15. HP: 33/97 MP: 12/21
 26740 | Abyss:3  | Gained mutation: Your demonic aura causes all spilled blood
                  | to erupt in flames. [demonic ancestry]
 26740 | Abyss:3  | Reached XP level 16. HP: 20/104 MP: 13/23
 26742 | Abyss:3  | Collided with a stone wall

Illustrated notes

Levels and vault maps discovered:
D:1:      lightli_arrival_isolated_outpost, layout_loops_ring,
          chequers_ecumenical_altar_simple_redux, serial_shops, shop,
          nicolae_shop_advertising_works [nicolae_subvault_shop_adworks], shop,
          nicolae_diamond_shop, reono_crystal_passage, dreamdust_wishing_well,
          chequers_serial_rivers_large_a, nicolae_eternal_life, hex_medium,
          minmay_misc_feat_x, minmay_small_reverse_x
D:2:      layout_basic
D:3:      layout_loops_corners, st_stairs_8, nicolae_elevator_lobby_asterisk
D:4:      corexii_shantytown, layout_basic, nicolae_ru_path_of_blood,
          nemelex_spade_bored_becter
D:5:      layout_loops_ring, mainiacjoe_overflow_cross_hatched,
          nicolae_elyvilon_temple_path, grunt_dithmenos_smoke, temple_pool_b,
          nicolae_take_the_stairs, dreamdust_gnoll_farm
D:6:      layout_basic
D:7:      erik_cavepeople, layout_layer_cave, ashenzari_conservatory_becter,
          hangedman_glass_teeth
D:8:      layout_cave_pools, grunt_temple_overflow_growth_and_decay,
          gammafunk_ghost_berserking_beasts, kennysheep_another_room
D:9:      layout_roguey, lemuel_round_altar, okawaru_humans
D:10:     layout_loops_ring, overflow_temple_1_default, kennysheep_mini_moat,
          pdpol_wu_jian_five_deadly_venoms, nicolae_sif_muna_condensation,
          dpeg_oklobed_lair
D:11:     layout_cave_pools, david_orc_2,
          hellmonk_guarded_unrand_gyre_and_gimble
D:12:     layout_basic, serial_undead, serial_undead_f, serial_undead_c,
          serial_undead_a, serial_undead_d, glass_columns_a, drop_trap,
          nicolae_wwwww, kennysheep_crisscross, minmay_alternating_orb
D:13:     layout_long_grid, erik_vaults_2, serial_shops, nicolae_shop_crystal,
          portal_ice_cave_rime
Temple:   corrupted_temple
Lair:1:   layout_chaotic_city, basic_altar, uniq_grum
Lair:2:   layout_regular_city
Lair:3:   layout_small_grid, skrybe_swamp_entry_bodies,
          spider_nest_entry_funnel_web, fungi_pond_lemuel, serial_bayou_shore_a,
          lemuel_fruit_fields
Lair:4:   gammafunk_boulding_lane, layout_gridlike, basic_altar,
          beast_lair_carwin_5, infiniplex_staircase_pool
Lair:5:   gammafunk_lair_ancient_temple, layout_layer_cave, slime_entry_1,
          uniq_rupert, uniq_josephine
Abyss:3:  base:
D:10

Skill      XL: |  1  2  3  4  5  6  7  8  9 10 11 12 13 14 15 |
---------------+----------------------------------------------+-----
Polearms       | 2 3 5 6 7 8 11 13 15 16 | 16.9
Fighting       | 4 8 10 12 13 | 13.2
Armour         | 3 5 7 8 |  8.8
Dodging        | 2 4 5 |  5.0
Shields        | 3 5 7 8 |  8.0
Invocations    | 5 8 9 |  9.5
Evocations     | 3 5 |  5.0

Action                   |  1- 3 |  4- 6 |  7- 9 | 10-12 | 13-15 | 16-18 || total
-------------------------+-------+-------+-------+-------+-------+-------++-------
Melee: Trident           |   148 |   104 |   439 |   745 |   710 |     1 ||  2147
       Tailslap          |       |       |       |   106 |   112 |       ||   218
Throw: Dart              |       |     3 |       |    15 |     8 |       ||    26
Invok: Wall of Briars    |       |       |       |     1 |     2 |       ||     3
       Grow Ballistomyce |       |       |       |       |     3 |       ||     3
       Overgrow          |       |       |       |       |     2 |       ||     2
Evoke: Wand              |       |       |       |     3 |     3 |       ||     6
  Use: Scroll            |     1 |       |       |    21 |     4 |       ||    26
       Potion            |       |       |     2 |       |     4 |       ||     6
 Stab: Confused          |       |       |       |       |     5 |       ||     5
       Sleeping          |       |       |       |       |     5 |       ||     5
       Distracted        |       |       |       |       |     5 |     1 ||     6
       Paralysed         |       |       |       |       |     1 |       ||     1
       Fleeing           |       |       |       |       |     1 |       ||     1
Armor: Scale mail        |    50 |    24 |   103 |    43 |       |       ||   220
       Troll leather arm |       |       |       |    81 |       |       ||    81
       Ring mail         |       |       |       |       |   156 |       ||   156
Dodge: Dodged            |    40 |    27 |   104 |   159 |   171 |       ||   501
Block: Buckler           |    22 |    19 |    39 |   161 |   184 |       ||   425
       Reflection        |       |       |       |     3 |     2 |       ||     5

Table legend: (Time is in decaauts)
 A = Elapsed time spent in this place.
 B = Non-inter-level travel time spent in this place.
 C = Inter-level travel time spent in this place.
 D = Time resting spent in this place.
 E = Time spent auto-exploring this place.
 F = Levels seen in this place.
 G = Mean time per level.
                   A        B        C        D        E       F      G
               +--------+--------+--------+--------+--------+-----+--------+
         Total |  26356 |  24318 |   2038 |   5711 |  14558 |  22 | 1198.0 |
       Dungeon |  19655 |  17979 |   1676 |   4470 |  10669 |  13 | 1511.9 |
        Temple |    181 |    168 |     13 |    130 |     23 |   1 |  181.0 |
          Lair |   6149 |   5800 |    349 |    960 |   3804 |   5 | 1229.8 |
         Abyss |    198 |    198 |      0 |     68 |     51 |   2 |   99.0 |
      Ice Cave |    172 |    172 |      0 |     82 |     11 |   1 |  172.0 |
               +--------+--------+--------+--------+--------+-----+--------+

Top non-repeatable levels by time:
    D:10: 3357 daAuts
    D:13: 1853 daAuts
     D:7: 1842 daAuts
     D:5: 1715 daAuts
  Lair:4: 1642 daAuts
     D:3: 1631 daAuts
     D:4: 1563 daAuts
    D:12: 1407 daAuts
     D:1: 1388 daAuts
  Lair:5: 1337 daAuts
  Lair:3: 1291 daAuts
     D:9: 1226 daAuts
     D:6: 1163 daAuts
  Lair:2: 1023 daAuts
    D:11: 1003 daAuts
